 Dungeon Crawl Stone Soup version 0.31-a0-859-g9dce7d3444 (webtiles) character file.

Game seed: 17510354611822666673

6663 Dirtsage the Grappler (level 11, -2/75 HPs)
             Began as an Octopode Shapeshifter on Oct 10, 2023.
             Was a Priest of Wu Jian.
             Slain by Gastronok (38 damage)
             ... on level 9 of the Dungeon.
             The game lasted 00:21:22 (9274 turns).

Dirtsage the Grappler (Octopode Shapeshifter)       Turns: 9274, Time: 00:21:22

Health: -2/75      AC:  1    Str: 18    XL:     11   Next: 3%
Magic:  11/11      EV: 23    Int: 12    God:    Wu Jian [***...]
Gold:   237        SH:  0    Dex: 12    Spells: 8/10 levels left

rFire   . .          .
                       - Unarmed
rCold   . . .        (no shield)
rNeg    . . .        (helmet currently unavailable)
rPois   .            x - amulet of faith
rElec   .            v - +5 ring of evasion
rCorr   .            i - +5 ring of evasion
SInv    .            (no ring)
Will    .....        (no ring)
Stlth   ++           (no ring)
HPRegen 0.32/turn    (no ring)
MPRegen 0.12/turn    (no ring)
                     (no ring)

%: faith
@: beast-form, invisible
A: beast (slay +4), almost no armour, amphibious, 8 rings, camouflage 1,
gelatinous body 1, (nimble swimmer 1), tentacles
a: Begin Untransformation, Renounce Religion, Wall Jump, Serpent's Lash


You were on level 9 of the Dungeon.
You worshipped Wu Jian.
Wu Jian was most pleased with you.
You were a hulking beast.
You visited 2 branches of the dungeon, and saw 10 of its levels.
You also visited: Bailey.

You collected 539 gold pieces.
You spent 302 gold pieces at shops.

Inventory:

Missiles
 B - a throwing net
Jewellery
 i - a +5 ring of evasion (right tentacle)
 v - a +5 ring of evasion (left tentacle)
 x - an amulet of faith (around mantle)
Talismans
 b - a beast talisman (active)
 c - a flux talisman
Wands
 D - a wand of light (10)
 F - a wand of mindburst (13)
Scrolls
 a - 2 scrolls of enchant armour {unknown}
 d - a scroll of acquirement {unknown}
 f - a scroll of vulnerability {unknown}
 g - a scroll of fear
 j - 3 scrolls of immolation
 m - 2 scrolls of blinking {unknown}
 o - a scroll of silence
 s - a scroll of torment {unknown}
 t - 4 scrolls of teleportation
 y - a scroll of amnesia {unknown}
 z - a scroll of noise {unknown}
 A - a scroll of enchant weapon {unknown}
Potions
 e - 3 potions of invisibility
 h - 2 potions of enlightenment
 k - a potion of berserk rage {unknown}
 l - 3 potions of heal wounds
 n - a potion of resistance
 p - a potion of brilliance {unknown}
 q - 2 potions of curing
 r - 2 potions of mutation
 u - a potion of might {unknown}
 w - 2 potions of magic
Miscellaneous
 E - a phial of floods
 G - a tin of tremorstones (2/2)


   Skills:
 + Level 7.0 Fighting
 - Level 2.0 Dodging
 * Level 10.6 Unarmed Combat
 - Level 4.0 Transmutations
 * Level 9.8 Shapeshifting


You had 8 spell levels left.
You knew the following spells:

 Your Spells              Type           Power      Damage    Failure   Level
a - Wereblood             Tmut           9%         N/A       10%         2

Your spell library contained the following spells:

 Spells                   Type           Power      Damage    Failure   Level
 Sublimation of Blood     Necr           0%         N/A       45%         2
 Summon Hydra             Summ           0%         N/A       100%        7


Dungeon Overview and Level Annotations

Branches:
Dungeon (9/15)             Temple (1/1) D:5            Lair (0/5) D:8
    Orc (0/2) D:9          Bailey (visited)

Altars:
Ashenzari
Cheibriados
Dithmenos
Elyvilon
Fedhas
Gozag
Hepliaklqana
Kikubaaqudgha
Makhleb
Nemelex Xobeh
Okawaru
Qazlal
Ru
Sif Muna
Uskayaw
Vehumet
Wu Jian
Xom
Yredelemnul
Zin
The Shining One

Shops:
D:1 (   D:5 *   D:7 ([?(!

Annotations:
D:5 1 runed translucent door, Crazy Yiuf
D:6 2 transporters, Azuregosa's ghost, weakling OpDe
D:9 Gastronok


Innate Abilities, Weirdness & Mutations

You are a hulking beast.
Your limbs bulge with bestial killing power. (Slay +4)
You cannot wear most types of armour.
You are amphibious.
You can wear up to eight rings at the same time.
Your skin changes colour to match your surroundings (Stealth+).
Your rubbery body absorbs attacks. (AC +1, EV +1)
((You are camouflaged when in or above water. (Stealth+)))
You have tentacles for arms and can constrict up to eight enemies at once.


Message History

You take 29 damage, and have 43/75 hp.
MASSIVE DAMAGE!!
You are too injured to fight recklessly!
Aiming: Bolt of Light
Press: ? - help, Shift-Dir - straight line, f - Gastronok
Aim: Gastronok, wearing a +0 hat of intelligence (100% to hit)
The bolt of light hits Gastronok!!
Gastronok is lightly wounded.
Gastronok is blinded.
Gastronok gurgles.
You lunge at Gastronok.
You strike the helpless Gastronok from behind!
You bludgeon Gastronok! You squeeze Gastronok.
Gastronok is moderately wounded.
Gastronok is no longer blind.
You tentacle-slap Gastronok. You squeeze Gastronok!!
Gastronok is moderately wounded.
You bludgeon Gastronok! You squeeze Gastronok!
Gastronok is heavily wounded.
Gastronok bites you!!
* * * LOW HITPOINT WARNING * * *
You take 31 damage, and have 13/75 hp.
MASSIVE DAMAGE!!
Okay, then.
You feel much better.
You regained 22 hp, and now have 35/75 hp.
That's the wrong kind of item! (Use * to select it.) Fire/throw/use which item? ([*] to toss any item) (? for menu, Esc to quit)
Okay, then.
Aiming: Bolt of Light
Press: ? - help, Shift-Dir - straight line, p - Gastronok The bolt of light hits Gastronok!
Gastronok is heavily wounded.
Gastronok is blinded.
Gastronok misses you.
You fade into invisibility!
You tentacle-slap Gastronok.
Gastronok is heavily wounded.
Gastronok bites you!!!
Ouch! That really hurt!
You die...
Gastronok gurgles, "Let's see if you taste as good as that wizard did."

.....# .....# )....# #.?..#
#. #....# #.##....#
#.##w...# #####.. #.##h...#
#<.lz..
###'##....##....).z..#.
######............##..#####
#.........).......'...
#........).....!.<##.#
#.................'..
##......).!.......##.
##........#######+###.
#.........#


You could see Gastronok (blind).

Vanquished Creatures
  A death yak (D:8)
  Pikel (D:8)
  An orc knight (Bailey)
  A deep elf pyromancer (Bailey)
  A hornet (D:8)
  Grinder (D:5)
  Sigmund (D:2)
  5 yaks (D:8)
  Edmund (D:5)
  6 orc warriors
  2 ice beasts
  4 sky beasts
  A centaur (D:7)
  2 ogres
  2 phantoms
  2 lemures (D:7)
  4 bullfrogs
  4 necrophages (D:6)
  3 scorpions
  7 wights
  An electric eel (D:7)
  3 howler monkeys
  A gnoll bouda (D:6)
  2 orc priests
  2 hounds (D:7)
  3 jellies
  An iron imp (D:3)
  An iguana (D:4)
  3 orc wizards
  2 howler monkey zombies (D:6)
  6 gnolls
  6 adders
  A shadow imp (D:7)
  2 white imps
  3 ufetubi
  A worm (D:2)
  A dart slug (D:2)
  47 orcs
  10 ball pythons
  6 bats
  9 endoplasms
  A giant cockroach (D:2)
  3 hobgoblins
  8 kobolds
  4 quokkas
  2 frilled lizards
  13 goblins
  4 rats
196 creatures vanquished.

Notes
Turn   | Place    | Note
-------+----------+-------------------------------------------
     0 | D:1      | Dirtsage the Octopode Shapeshifter began the quest for the
                  | Orb.
     0 | D:1      | Reached XP level 1. HP: 13/13 MP: 1/1
    96 | D:1      | Reached XP level 2. HP: 9/18 MP: 2/2
   557 | D:1      | Found Deuroifagi's Weapon Boutique.
   934 | D:2      | Reached XP level 3. HP: 22/23 MP: 3/3
   951 | D:2      | Noticed Sigmund
   957 | D:2      | Killed Sigmund
   958 | D:2      | Reached skill level 4 in Unarmed Combat
   958 | D:2      | Reached XP level 4. HP: 16/30 MP: 4/4
   958 | D:2      | Reached XP level 5. HP: 18/35 MP: 5/5
  1113 | D:2      | Learned a level 2 spell: Wereblood
  1888 | D:3      | Found a white marble altar of Elyvilon.
  1900 | D:3      | Found a glowing silver altar of Zin.
  1918 | D:3      | Reached XP level 6. HP: 40/41 MP: 6/6
  2195 | D:3      | Found a snail-covered altar of Cheibriados.
  2245 | D:3      | Found a shadowy altar of Dithmenos.
  2824 | D:4      | Found a shimmering altar of Xom.
  3026 | D:4      | Reached skill level 5 in Unarmed Combat
  3289 | D:4      | Reached skill level 1 in Transmutations
  3290 | D:4      | HP: 2/41 [orc/+0 flail (9)]
  3678 | D:5      | Entered Level 5 of the Dungeon
  3740 | D:5      | Reached XP level 7. HP: 46/46 MP: 7/7
  3790 | D:5      | Reached skill level 5 in Shapeshifting
  3809 | D:5      | Noticed Grinder
  3812 | D:5      | Paralysed by Grinder for 2 turns
  3821 | D:5      | Killed Grinder
  4096 | D:5      | Found an iron altar of Okawaru.
  4097 | D:5      | Identified the +0 kite shield "Sitwem" {rElec rC+ Will-
                  | rCorr}
  4158 | D:5      | Found a staircase to the Ecumenical Temple.
  4165 | Temple   | Entered the Ecumenical Temple
  4170 | Temple   | Became a worshipper of the Wu Jian Council
  4217 | D:5      | Found Qorimantau's General Store.
  4217 | D:5      | Noticed Edmund
  4337 | D:5      | Bought a scroll of identify for 30 gold pieces
  4337 | D:5      | Bought a wand of flame (7) for 73 gold pieces
  4355 | D:5      | Killed Edmund
  4356 | D:5      | Reached skill level 6 in Unarmed Combat
  4356 | D:5      | Reached XP level 8. HP: 33/53 MP: 8/8
  4463 | D:5      | Found a runed translucent door.
  4464 | D:5      | Noticed Crazy Yiuf
  4493 | D:5      | Found a faded altar of an unknown god.
  4493 | D:5      | Found a sparkling altar of Nemelex Xobeh.
  4500 | D:5      | Found a hide-covered altar of Uskayaw.
  4502 | D:5      | Found a broken altar of Ashenzari.
  4510 | D:5      | Found a faded altar of an unknown god.
  5737 | D:6      | Found a blossoming altar of Fedhas.
  5753 | D:6      | Reached skill level 7 in Unarmed Combat
  5838 | D:6      | Found a transporter.
  5844 | D:6      | Noticed Azuregosa's ghost (weakling OpDe)
  5911 | D:6      | Reached XP level 9. HP: 59/59 MP: 9/9
  5922 | D:6      | Reached * piety under Wu Jian
  6074 | D:6      | Found a transporter.
  6191 | D:7      | Found Seredea's Magic Scroll Boutique.
  6194 | D:7      | Found Lafiruj's Distillery.
  6198 | D:7      | Found Qetuprick's Antique Armour Shop.
  6201 | D:7      | Found Etettar's Weapon Emporium.
  6237 | D:7      | Found Celaolu's Antique Weapon Boutique.
  6257 | D:7      | Bought a potion of lignification for 33 gold pieces
  6257 | D:7      | Bought a potion of invisibility for 88 gold pieces
  6263 | D:7      | Bought a scroll of identify for 26 gold pieces
  6263 | D:7      | Bought a scroll of identify for 26 gold pieces
  6263 | D:7      | Bought a scroll of identify for 26 gold pieces
  6388 | D:7      | Found a flagged portal.
  6398 | Bailey   | Entered a bailey
  6528 | Bailey   | Reached skill level 8 in Unarmed Combat
  6612 | Bailey   | Found a large runed translucent door.
  6612 | Bailey   | Found a large runed translucent door.
  6613 | Bailey   | Noticed a deep elf pyromancer
  6638 | Bailey   | Reached skill level 5 in Fighting
  6640 | Bailey   | Noticed an orc knight
  6957 | Bailey   | Killed an orc knight
  7223 | Bailey   | Killed a deep elf pyromancer
  7224 | Bailey   | Reached skill level 9 in Unarmed Combat
  7224 | Bailey   | Reached XP level 10. HP: 49/68 MP: 10/10
  7588 | D:7      | Found a burning altar of Makhleb.
  8135 | D:8      | Noticed Pikel
  8255 | D:8      | Reached ** piety under Wu Jian
  8306 | D:8      | Noticed a death yak
  8306 | D:8      | Noticed a death yak
  8351 | D:8      | Killed Pikel
  8696 | D:8      | Found a staircase to the Lair.
  8708 | D:8      | Reached skill level 10 in Unarmed Combat
  8708 | D:8      | Noticed a death yak
  8867 | D:8      | Killed a death yak
  9043 | D:8      | Found a shimmering blue altar of Sif Muna.
  9048 | D:9      | Found a basalt altar of Yredelemnul.
  9187 | D:9      | Reached *** piety under Wu Jian
  9210 | D:9      | Reached XP level 11. HP: 75/75 MP: 11/11
  9220 | D:9      | Found a staircase to the Orcish Mines.
  9260 | D:9      | Noticed Gastronok
  9274 | D:9      | Slain by Gastronok

Illustrated notes

Levels and vault maps discovered:
D:1:      dpeg_arrival_orchard, layout_loops_corners, serial_shops, shop
D:2:      layout_basic, uniq_sigmund
D:3:      layout_basic, chei_slow_surprise, mainiacjoe_overflow_boulevard,
          chequers_temple_overflow_statue_of_worship,
          nicolae_twisty_statue_hallways
D:4:      layout_basic, amcnicky_altar_gilded
D:5:      layout_cave_pools, chequers_temple_overflow_minitemple,
          mainiacjoe_overflow_brackets, minmay_temple_entry_nine_rooms,
          serial_shops, nicolae_shop_hallway_plus, uniq_grinder,
          uniq_crazy_yiuf_cottage, uniq_edmund
D:6:      layout_loops_corners, fedhas_altar_decomposition,
          gammafunk_ghost_smash
D:7:      layout_cave_pods, marbit_many_paths, enter_bailey_3,
          nicolae_shop_national_dungeon_mall
D:8:      layout_basic, trog_three_pillars_becter, overflow_temple_1_default,
          dpeg_lair_monsters, serial_shops, nicolae_shop_tiny_statue_garden,
          uniq_maggie, uniq_pikel
D:9:      layout_basic, mainiacjoe_overflow_small_starburst, hiddenorc1_lemuel,
          uniq_gastronok
Temple:   hellmonk_temple_micro_hex

Skill      XL: |  1  2  3  4  5  6  7  8  9 10 |
---------------+-------------------------------+-----
Fighting       | 2 3 4 5 7 |  7.0
Unarmed Combat | 4 5 6 7 9 10 | 10.6
Shapeshifting  | 4 5 6 8 9 |  9.8
Transmutations | 1 2 3 4 |  4.0
Dodging        | |  2.0

Action                     |  1- 3 |  4- 6 |  7- 9 | 10-12 || total
---------------------------+-------+-------+-------+-------++-------
  Melee: Unarmed           |    44 |   114 |   164 |   159 ||   481
         Tentacles         |     9 |    22 |    48 |    46 ||   125
         Constrict         |     6 |    33 |    32 |    31 ||   102
         Punch             |       |     6 |    10 |     7 ||    23
Ability: Lunge             |       |       |    23 |    16 ||    39
         Whirlwind         |       |       |     1 |     4 ||     5
  Evoke: Wand              |       |       |     9 |     4 ||    13
    Use: Scroll            |       |       |    11 |     1 ||    12
         Potion            |       |       |     4 |     3 ||     7
   Stab: Sleeping          |     5 |    13 |     7 |     4 ||    29
         Invisible         |       |       |       |     2 ||     2
 Armour: Skin              |    15 |    39 |    51 |    44 ||   149
  Dodge: Dodged            |    24 |    51 |    92 |    78 ||   245

Table legend: (Time is in decaauts)
 A = Elapsed time spent in this place.
 B = Non-inter-level travel time spent in this place.
 C = Inter-level travel time spent in this place.
 D = Time resting spent in this place.
 E = Time spent auto-exploring this place.
 F = Levels seen in this place.
 G = Mean time per level.
                   A        B        C        D        E       F      G
               +--------+--------+--------+--------+--------+-----+--------+
         Total |   9218 |   8860 |    358 |   1373 |   5591 |  11 |  838.0 |
       Dungeon |   8288 |   7938 |    350 |   1138 |   5369 |   9 |  920.9 |
        Temple |     10 |      2 |      8 |      0 |      0 |   1 |   10.0 |
        Bailey |    918 |    918 |      0 |    235 |    222 |   1 |  918.0 |
               +--------+--------+--------+--------+--------+-----+--------+

Top non-repeatable levels by time:
     D:6: 1334 daAuts
     D:7: 1250 daAuts
     D:5: 1104 daAuts
     D:3: 1037 daAuts
  Bailey: 918 daAuts
     D:4: 897 daAuts
     D:1: 875 daAuts
     D:2: 855 daAuts
     D:8: 713 daAuts
     D:9: 220 daAuts
  Temple: 10 daAuts
